 Dungeon Crawl Stone Soup version 0.31-a0-369-g8eba5f6939 (webtiles) character file.

Game seed: 4422697805466136923

9 shadowstone the Sneak (level 2, 15/15 HPs)
             Began as a Spriggan Brigand on July 28, 2023.
             Quit the game on level 3 of the Dungeon.
             The game lasted 00:04:21 (431 turns).

shadowstone the Sneak (Spriggan Brigand)             Turns: 431, Time: 00:04:21

Health: 15/15      AC:  2    Str:  7    XL:     2   Next: 6%
Magic:  3/3        EV: 16    Int: 12    God:
Gold:   12         SH:  0    Dex: 16    Spells: 1/1 levels left

rFire   . . .        a - +2 dagger
rCold   . . .        (no shield)
rNeg    . . .        b - +0 robe
rPois   .            (helmet currently unavailable)
rElec   .            c - melded +0 cloak
rCorr   .            (gloves unavailable)
SInv    +            (boots unavailable)
Will    .....        (no amulet)
Stlth   +++          (no ring)
HPRegen 0.22/turn    (no ring)
MPRegen 0.08/turn

%: no passive effects
@: beast-form, very quick
A: beast (slay +0), very small, no large weapons, unfitting armour, see
invisible, speed 3
a: Begin Untransformation


You were on level 3 of the Dungeon.
You were a hulking beast.
You visited 1 branch of the dungeon, and saw 3 of its levels.

You collected 12 gold pieces.

Inventory:

Hand Weapons
 a - a +2 dagger (weapon)
Missiles
 d - 9 poisoned darts (quivered)
 e - 3 curare-tipped darts
Armour
 b - a +0 robe (worn)
 c - a +0 cloak (melded)
 g - a +0 robe
Talismans
 h - a beast talisman
Scrolls
 f - 2 scrolls of teleportation {unknown}


   Skills:
 + Level 1.6 Fighting
 + Level 2.2 Short Blades
 + Level 2.0 Throwing
 + Level 1.8 Dodging
 + Level 6.3 Stealth


You had one spell level left.
You didn't know any spells.
Your spell library contained the following spells:

 Spells                   Type           Power      Damage    Failure   Level
 Inner Flame              Hex/Fire       0%         N/A       69%         3
 Flame Wave               Conj/Fire      0%         2d4       97%         4
 Sticky Flame             Conj/Fire      0%         2d3       97%         4


Dungeon Overview and Level Annotations

Branches:
Dungeon (3/15)

Altars:
Yredelemnul


Innate Abilities, Weirdness & Mutations

You are a hulking beast.
Your limbs bulge with bestial killing power. (Slay +0)
You are very small and have problems with some larger weapons.
You are too small for most types of armour.
You have supernaturally acute eyesight. (SInv)
You cover ground extremely quickly. (Speed+++)


Message History

You kill the goblin!
The frilled lizard misses you. The frilled lizard barely misses you.
You see here a +0 club.
You hit the frilled lizard but do no damage.
The frilled lizard misses you.
You hit the frilled lizard.
You kill the frilled lizard!
You have reached level 2!
You see here a +0 dagger.
Found a stone staircase leading down.
There is a stone staircase leading down here.
You climb downwards.
There is a stone staircase leading up here.
Found an escape hatch in the ceiling.
A frilled lizard comes into view.
The frilled lizard hisses angrily.
The frilled lizard barely misses you.
You miss the frilled lizard. You hit the frilled lizard.
You kill the frilled lizard!
Found 3 gold pieces.
You now have 12 gold pieces (gained 3).
You open the door.
Found an escape hatch in the floor.
There is an open door here.
A kobold comes into view. It is wielding a +0 short sword.
Found a book of Flames.
Found a robe.
The kobold shouts!
Found a basalt altar of Yredelemnul.
Found a stone staircase leading down.
Found a rapier.
The kobold completely misses you. The kobold barely misses you.
You barely miss the kobold. The kobold closely misses you.
You hit the kobold.
You kill the kobold!
You see here a +0 short sword.
You pick up a book of Flames and begin reading...
You add the spells Inner Flame, Sticky Flame and Flame Wave to your library.
Are you sure you want to abandon this character and quit the game? (Confirm with "yes".)

#.....##'###
....>.....#
..........#
####......#
#......#
###..###
###..####
#.......#
#.....h.#
#...)...#
#.......#
#.......#
#...#.##..#
#.....#[###...#
#)..#.... .....
#_..#♣...
...>#. ### #...
#..


There were no monsters in sight!

Vanquished Creatures
  2 bats (D:1)
  A goblin (D:2)
  A quokka (D:1)
  3 frilled lizards
  3 kobolds
  A rat (D:2)
11 creatures vanquished.

Notes
Turn   | Place    | Note
-------+----------+-------------------------------------------
     0 | D:1      | shadowstone the Spriggan Brigand began the quest for the
                  | Orb.
     0 | D:1      | Reached XP level 1. HP: 10/10 MP: 2/2
    50 | D:1      | Reached skill level 6 in Stealth
   309 | D:2      | Reached XP level 2. HP: 14/14 MP: 3/3
   418 | D:3      | Found a basalt altar of Yredelemnul.
   431 | D:3      | Quit the game

Illustrated notes

Levels and vault maps discovered:
D:1:      spicycebolla_arrival_ecumenical, layout_loops_corners,
          minmay_misc_feat_four_crosses, minmay_hexomino_p4
D:2:      layout_basic
D:3:      layout_basic, eat_drink_and_be_merry_uskayaw,
          nicolae_overflow_quartered_altars

Skill      XL: |  1 |
---------------+----+-----
Stealth        | 6 |  6.3
Fighting       | |  1.6
Short Blades   | |  2.2
Throwing       | |  2.0
Dodging        | |  1.8

Action                     || total
---------------------------++-------
  Melee: Dagger            ||    25
   Stab: Sleeping          ||     3
 Armour: Robe              ||     3
  Dodge: Dodged            ||    22
   Form: Beast             ||     2
                           ||     1

Table legend: (Time is in decaauts)
 A = Elapsed time spent in this place.
 B = Non-inter-level travel time spent in this place.
 C = Inter-level travel time spent in this place.
 D = Time resting spent in this place.
 E = Time spent auto-exploring this place.
 F = Levels seen in this place.
 G = Mean time per level.
                   A        B        C        D        E       F      G
               +--------+--------+--------+--------+--------+-----+--------+
         Total |    285 |    285 |      0 |      0 |      0 |   3 |   95.0 |
       Dungeon |    285 |    285 |      0 |      0 |      0 |   3 |   95.0 |
               +--------+--------+--------+--------+--------+-----+--------+

Top non-repeatable levels by time:
     D:1: 154 daAuts
     D:2: 69 daAuts
     D:3: 61 daAuts
